 Dungeon Crawl Stone Soup version 0.29.0-4-gdea44cf6ec (webtiles) character file.

Game seed: 5376825916825135927

26 qw the Chopper (level 3, -1/21 HPs)
             Began as a Tengu Warper on Aug 28, 2022.
             Succumbed to their own poison gas
             ... on level 1 of the Dungeon.
             The game lasted 00:00:06 (1302 turns).

qw the Chopper (Tengu Warper)                       Turns: 1302, Time: 00:00:06

Health: -1/21      AC:  3    Str: 13    XL:     3   Next: 8%
Magic:  7/7        EV: 12    Int: 13    God:
Gold:   59         SH:  0    Dex: 13    Spells: 6/6 levels left

rFire   . . .      SeeInvis .   Y - +0 hand axe
rCold   . . .      Faith    .   (no shield)
rNeg    . . .      Spirit   .   b - +0 leather armour
rPois   .          Reflect  .   (helmet restricted)
rElec   .          Harm     .   (no cloak)
rCorr   .          Rampage  .   (no gloves)
Will    .....                   (boots unavailable)
Stlth   +.........              (no amulet)
HPRegen 0.07/turn               (no ring)
MPRegen 0.10/turn               (no ring)

@: lethally poisoned (-1 -> -13), weak-willed
A: beak, talons 3
a: no special abilities


You were on level 1 of the Dungeon.
You visited 1 branch of the dungeon, and saw 1 of its levels.

You collected 59 gold pieces.


Innate Abilities, Weirdness & Mutations

You have a beak for a mouth.
You have claws for feet.


   Skills:
 - Level 2.0 Fighting
 + Level 3.8 Axes
 - Level 1.0 Throwing
 - Level 1.1 Armour
 - Level 2.1 Dodging
 - Level 2.0 Spellcasting
 - Level 2.4 Translocations


You had 6 spell levels left.
You didn't know any spells.
Your spell library contained the following spells:

 Spells                   Type           Power      Damage    Failure   Level
 Blink                    Tloc           14%        N/A       19%         2
 Gell's Gravitas          Tloc           7%         N/A       36%         3
 Lesser Beckoning         Tloc           7%         N/A       36%         3
 Teleport Other           Tloc           7%         N/A       36%         3
 Manifold Assault         Tloc           7%         N/A       98%         5

Inventory:

Hand Weapons
 i - a +0 club
 Y - a +0 hand axe (weapon)
Armour
 b - a +0 leather armour (worn)
Potions
 e - a potion of flight {unknown}
 g - a potion of resistance {unknown}
 h - a potion of haste {unknown}
 j - a potion of cancellation {unknown}
 k - a potion of heal wounds {unknown}

Dungeon Overview and Level Annotations

Branches:
Dungeon (1/15)

Altars:


Message History

You kill the goblin!
You start resting.
HP restored.
Things that are here:
a +0 club; a goblin corpse You see here a ball python skeleton.
Done exploring.
Done exploring.
1295 ||| READING 3 scrolls labelled UMEOLI ELOOSUI.
As you read the scroll labelled UMEOLI ELOOSUI, it crumbles to dust.
Magic quickly surges around you.
It was a scroll of vulnerability.
Done exploring.
1296 ||| READING scroll labelled ARE EXAZAVVE.
The air fills with toxic fumes!
As you read the scroll labelled ARE EXAZAVVE, it crumbles to dust.
It was a scroll of poison.
Done exploring.
1297 ||| DROPPING 2 scrolls of vulnerability.
You drop 2 scrolls of vulnerability.
Done exploring.
1298 ||| DROPPING scroll of blinking.
You drop a scroll of blinking.
Done exploring.
(D) Dungeon
Where to? (* - list waypoints, ? - help)
What level of the Dungeon? (default 1, ? - help) Sorry, I don't know how to get there.
Done exploring.
1299 ||| Stepping randomly (stuck).
Really walk into that cloud of poison gas?
You are engulfed in poison gas.
You are lethally poisoned!
You feel very sick.
1300 ||| Stepping ~*~*~tactically~*~*~ (cloud).
You feel very sick.
Things that are here:
a scroll of blinking; 2 scrolls of vulnerability
There is a lethal amount of poison in your body!
You feel very sick.
There is a lethal amount of poison in your body!
You die...

.# #.........#
#####...###. .#
###........# ##....#. .#
#..........# ##.#... .#
#....####### #.###. .#
#....# #.# #. .# #....#
#.# #. .# #....# #.# #.
.#######################
#.# ##
..........¤¤¤¤¤0@0¤0¤¤¤#
#.#
#############¤####0#####
#%# #.## 7.7 #######.#
#..#77.77#.......#
##......%..#######
###77.77#.# 7.7 #.#
#.###.# #.....#


There were no monsters in sight!

Vanquished Creatures
  A dart slug (D:1)
  A bat (D:1)
  2 endoplasms (D:1)
  A giant cockroach (D:1)
  4 goblins (D:1)
  3 hobgoblins (D:1)
  A kobold (D:1)
  A quokka (D:1)
  A ball python (D:1)
  7 rats (D:1)
22 creatures vanquished.

Vanquished Creatures (others)
  A fungus (D:1)
  5 plants (D:1)
6 creatures vanquished.

Grand Total: 28 creatures vanquished

Notes
Turn   | Place    | Note
-------+----------+-------------------------------------------
     0 | D:1      | qw the Tengu Warper began the quest for the Orb.
     0 | D:1      | Reached XP level 1. HP: 12/12 MP: 4/4
     0 | D:1      | 0 ||| qw: Version: 0.1-a-89-g26bdef1
     0 | D:1      | 0 ||| qw: Game counter: 2306
     0 | D:1      | 0 ||| qw: Always use a shield: true
     0 | D:1      | 0 ||| qw: God list: Okawaru
     0 | D:1      | 0 ||| qw: Allow faded altars: false
     0 | D:1      | 0 ||| qw: Do Orc after D:15 true
     0 | D:1      | 0 ||| qw: Do second Lair branch before Depths: true
     0 | D:1      | 0 ||| qw: Lair rune preference: random
     0 | D:1      | 0 ||| qw: Plans: Normal
     0 | D:1      | 0 ||| PLANNING D:1-11
   119 | D:1      | 119 ||| Stepping ~*~*~tactically~*~*~ (hiding).
   124 | D:1      | 124 ||| Stepping ~*~*~tactically~*~*~ (hiding).
   216 | D:1      | 216 ||| Stepping ~*~*~tactically~*~*~ (stealth).
   239 | D:1      | Reached XP level 2. HP: 17/17 MP: 6/6
   254 | D:1      | Reached skill level 3 in Axes
   266 | D:1      | Found a faded altar of an unknown god.
   278 | D:1      | 278 ||| Stepping ~*~*~tactically~*~*~ (stealth).
   279 | D:1      | 279 ||| Stepping ~*~*~tactically~*~*~ (stealth).
   353 | D:1      | 353 ||| Stepping ~*~*~tactically~*~*~ (stealth).
   684 | D:1      | 684 ||| Stepping ~*~*~tactically~*~*~ (stealth).
  1020 | D:1      | Reached XP level 3. HP: 21/21 MP: 7/7
  1295 | D:1      | 1295 ||| READING 3 scrolls labelled UMEOLI ELOOSUI.
  1296 | D:1      | 1296 ||| READING scroll labelled ARE EXAZAVVE.
  1297 | D:1      | 1297 ||| DROPPING 2 scrolls of vulnerability.
  1298 | D:1      | 1298 ||| DROPPING scroll of blinking.
  1299 | D:1      | 1299 ||| Stepping randomly (stuck).
  1300 | D:1      | 1300 ||| Stepping ~*~*~tactically~*~*~ (cloud).
  1300 | D:1      | HP: 4/21 [poisoned by you (poison gas)]
  1302 | D:1      | Succumbed to their own poison gas

Levels and vault maps discovered:
D:1:      arrival_zaba_pyramid, layout_basic,
          shapermc_ecumenical_altar_mp_ritualfount, minmay_tree_intersection

Skill      XL: |  1  2 |
---------------+-------+-----
Axes           | 3 |  3.8
Fighting       | |  2.0
Throwing       | |  1.0
Armour         | |  1.1
Dodging        | |  2.1
Spellcasting   | |  2.0
Translocations | |  2.4

Action                   || total
-------------------------++-------
Melee: Hand axe          ||    42
       Kick              ||    10
       Peck              ||     8
Throw: Boomerang         ||     7
  Use: Scroll            ||     2
Armor: Leather armour    ||     4
Dodge: Dodged            ||    19

Table legend:
 A = Non-vault XP
 B = Vault XP
 C = Vault XP percentage of total XP
 D = Non-vault monster count
 E = Vault monster count
 F = Vault count percentage of total count
                 A         B        C        D         E       F
            +---------+---------+-------+---------+---------+-------
      Total |      38 |       0 |   0.0 |      22 |       0 |   0.0
            +---------+---------+-------+---------+---------+-------
        D:1 |      38 |       0 |   0.0 |      22 |       0 |   0.0
            +---------+---------+-------+---------+---------+-------
